Map: Cerulean Fall LE

Players

Elazer - Winner!

  • Race: Zerg Zerg
  • Spawn Location: 1:00

Zanster

  • Race: Zerg Zerg
  • Spawn Location: 7:00

Event: WCS Montreal 2018

VOD

Have the link to the VOD?

Description

Time

  • Played on: Sept. 7, 2018, 7:59 p.m.
  • Length: 9:59

All games in this series

Show
View Real Time Build Order
Export as new Build Order

Elazer Zerg - Winner!

Build Orders: Hatch First 

Get SALT Encoding   

  12  0:00  Drone  
  13  0:12  Overlord  
  13  0:17  Drone  
  14  0:30  Drone x2  
  16  0:49  Hatchery  
  15  0:52  Drone  
  15  0:56  Drone  
  17  0:59  Drone  
  18  1:10  Extractor  
  17  1:14  Spawning Pool  
  17  1:17  Drone  
  17  1:21  Drone  
  18  1:28  Drone  
  19  1:41  Drone  
  20  1:50  Drone  
  21  2:00  Queen x2  
  25  2:01  Overlord  
  25  2:02  Zergling x2  
  26  2:10  Drone  
  26  2:12  Drone, Metabolic Boost  
  28  2:22  Drone  
  29  2:23  Drone  
  30  2:32  Drone  
  30  2:33  Drone  
  32  2:40  Hatchery  
  31  2:46  Queen  
  33  2:52  Overlord  
  33  2:53  Drone  
  33  2:56  Drone  
  33  2:57  Drone  
  36  3:10  Zergling x12  
  36  3:12  Zergling x2  
  43  3:22  Overlord  
  43  3:23  Baneling Nest  
  41  3:34  Drone  
  42  3:44  Drone  
  42  3:45  Drone  
  42  3:46  Zergling x10  
  49  3:53  Drone, Overlord  
  50  3:58  Drone  
  51  4:06  Baneling  
  51  4:07  Drone x2, Baneling  
  51  4:08  Drone x2  
  51  4:09  Drone x2  
  55  4:17  Overlord  
  55  4:20  Roach Warren  
  55  4:21  Zergling x8  
  56  4:26  Zergling x4  
  58  4:32  Spine Crawler  
  58  4:34  Spine Crawler  
  58  4:36  Zergling x6  
  59  4:40  Zergling x2  
  59  4:44  Zergling x2  
  60  4:46  Zergling x12  
  66  5:02  Roach x5  
  66  5:05  Roach x2  
  64  5:15  Roach  
  64  5:16  Zergling x2, Queen  
  64  5:17  Queen  
  65  5:22  Zergling x8  
  66  5:33  Roach x2  
  67  5:36  Zergling x4  
  71  5:43  Roach  
  71  5:49  Extractor  
  69  5:50  Extractor, Overlord  
  69  5:52  Drone x2  
  70  6:00  Drone x2  
  72  6:06  Drone, Baneling  
  72  6:08  Drone x2  
  75  6:20  Evolution Chamber  
  75  6:22  Roach x3  
  78  6:26  Baneling  
  78  6:27  Queen x2  
  78  6:28  Zergling x2  
  78  6:29  Zergling x2  
  82  6:33  Baneling x2  
  82  6:34  Overlord x2  
  82  6:37  Spine Crawler  
  82  6:39  Zergling x2  
  82  6:42  Spine Crawler  
  82  6:43  Zergling x2  
  84  6:55  Roach  
  84  6:56  Roach x6  
  93  7:05  Roach x2  
  96  7:09  Spine Crawler  
  88  7:20  Drone x4  
  88  7:22  Drone x2  
  95  7:27  Drone x2  
  95  7:28  Drone, Zerg Missile Weapons Level 1  
  96  7:31  Drone  
  96  7:35  Lair  
  97  7:40  Overlord  
  97  7:41  Drone  
  98  7:53  Drone  
  98  7:57  Overlord  
  98  7:58  Drone x7  
  98  8:05  Extractor, Roach  
  106  8:07  Overlord x2  
  106  8:11  Overlord  
  106  8:15  Overlord  
  106  8:23  Overlord  
  106  8:27  Extractor  
  106  8:28  Overlord x2  
  106  8:30  Drone x3  
  106  8:32  Glial Reconstitution  
  108  8:36  Roach  
  108  8:37  Ravager x2  
  108  8:38  Ravager x2  
  108  8:40  Roach  
  116  8:45  Roach x3  
  122  8:50  Roach  
  122  8:51  Roach  
  122  8:53  Roach  
  128  9:01  Roach x3  
  134  9:05  Roach  
  134  9:06  Roach  
  134  9:08  Roach x2  
  142  9:12  Roach x2  
  150  9:17  Roach x2  
  150  9:21  Roach  
  150  9:22  Overlord  
  152  9:24  Overlord  
  152  9:31  Overlord  
  152  9:40  Overlord  
Show
View Real Time Build Order
Export as new Build Order

Zanster Zerg 

Build Orders: Hatch First 

Get SALT Encoding   

  12  0:00  Drone  
  13  0:12  Overlord  
  13  0:17  Drone  
  14  0:31  Drone x2  
  16  0:48  Hatchery  
  15  0:51  Drone  
  15  0:55  Drone  
  17  1:09  Spawning Pool  
  16  1:12  Drone  
  16  1:14  Extractor  
  16  1:18  Drone  
  17  1:20  Drone  
  18  1:28  Drone  
  19  1:39  Drone  
  20  1:49  Overlord  
  20  1:58  Queen  
  20  2:00  Queen  
  24  2:01  Drone x2  
  26  2:11  Drone x2  
  28  2:21  Drone  
  28  2:22  Drone, Metabolic Boost  
  30  2:32  Drone  
  30  2:34  Zergling x2  
  32  2:43  Hatchery  
  31  2:45  Zergling x2  
  31  2:46  Zergling x2  
  33  2:57  Overlord  
  33  2:58  Roach Warren  
  32  3:02  Drone  
  33  3:11  Zergling x6  
  37  3:20  Drone x2  
  37  3:21  Overlord  
  37  3:22  Overlord  
  38  3:28  Drone  
  38  3:41  Roach x5  
  40  3:45  Roach  
  52  3:48  Roach  
  52  3:49  Roach  
  52  3:55  Roach x2  
  58  4:00  Overlord  
  58  4:08  Baneling Nest  
  54  4:11  Zergling x8  
  58  4:17  Roach  
  58  4:21  Zergling x2  
  58  4:22  Zergling x4  
  61  4:28  Zergling x6  
  64  4:34  Zergling x6  
  67  4:40  Zergling x2  
  67  4:41  Zergling x4  
  70  4:46  Overlord  
  70  4:52  Baneling x4  
  70  5:07  Zergling x18  
  57  5:17  Zergling x2  
  57  5:18  Zergling x2  
  55  5:24  Roach  
  55  5:25  Zergling x2  
  56  5:29  Zergling x2, Roach  
  56  5:30  Zergling x4  
  59  5:35  Roach  
  59  5:41  Queen  
  61  5:52  Zergling x2  
  61  5:53  Zergling x14  
  69  6:08  Extractor  
  69  6:10  Roach x3  
  74  6:15  Zergling x2, Roach x2  
  79  6:23  Overlord  
  79  6:27  Zergling x2, Roach  
  79  6:30  Baneling  
  81  6:35  Zergling x2  
  81  6:36  Overlord  
  81  6:37  Overlord  
  81  6:49  Roach  
  81  6:50  Roach x3  
  81  6:53  Baneling  
  89  6:58  Baneling  
  89  6:59  Drone  
  89  7:00  Drone x2  
  85  7:03  Drone  
  75  7:08  Drone  
  75  7:14  Drone x4  
  71  7:17  Drone  
  71  7:19  Drone  
  71  7:22  Drone  
  74  7:23  Drone  
  74  7:26  Drone  
  74  7:28  Drone  
  77  7:31  Drone  
  77  7:35  Extractor  
  78  7:37  Drone x3  
  78  7:39  Extractor  
  78  7:40  Ravager x2  
  78  7:41  Ravager  
  82  7:47  Roach  
  84  7:54  Roach  
  84  7:55  Roach  
  84  7:56  Overlord  
  85  7:59  Roach  
  85  8:00  Drone x4  
  91  8:06  Queen  
  91  8:08  Overlord  
  91  8:09  Overlord  
  93  8:16  Overlord  
  93  8:19  Roach  
  99  8:20  Roach x2  
  99  8:21  Overlord  
  99  8:25  Extractor  
  98  8:28  Roach x2  
  98  8:33  Roach x2  
  106  8:36  Ravager  
  106  8:39  Roach x2  
  106  8:40  Ravager  
  112  8:48  Roach  
  112  8:49  Roach x3  
  112  8:53  Ravager  
  112  8:54  Overlord  
  121  8:58  Roach x2  
  121  9:01  Overlord  
  125  9:06  Overlord  
  125  9:10  Overlord  
  125  9:15  Ravager x3  
  128  9:19  Overlord  
  128  9:25  Roach x4  
  138  9:31  Roach x2  
  138  9:33  Ravager  
Tags
 
Add a new tag
Caveats
  • Supply blocks, unpowered buildings, or Contaminate may cause inaccurate times.
  • Supply counts are checked every 10 seconds.